 Dungeon Crawl Stone Soup version 0.28-a0-883-gc8d7bad45d (webtiles) character file.

Game seed: 8774127290392718182

129830 demibob the Impaler (level 16, -12/127 HPs)
             Began as a Demonspawn Gladiator on Nov 21, 2021.
             Was a High Priest of Okawaru.
             Mangled by a spark wasp (14 damage)
             ... on level 3 of the Spider Nest.
             The game lasted 01:20:43 (36158 turns).

demibob the Impaler (Demonspawn Gladiator)         Turns: 36158, Time: 01:20:46

Health: -12/127    AC: 32    Str: 19    XL:     16   Next: 51%
Magic:  22/22      EV: 16    Int:  4    God:    Okawaru [*****.]
Gold:   1525       SH:  0    Dex: 22    Spells: 15/15 levels left

rFire   + . .      SeeInvis .   I - +2 glaive "Disuimeo" {protect, rPois Int-5 Dex+2}
rCold   + . .      Faith    +   (shield currently unavailable)
rNeg    . . .      Spirit   .   o - +7 chain mail of the Dungeon {rCorr}
rPois   +          Reflect  .   n - +0 hat of the Illusory Wishes {Will+}
rElec   .          Harm     .   P - +1 cloak
rCorr   +          Rampage  .   x - +3 pair of gauntlets of War {Slay+5}
Will    +++..                   f - +0 pair of boots of Raisch {Slay+5}
Stlth   ..........              h - amulet of Iplin {Faith Will+ Dex+2}
HPRegen 0.31/turn               F - ring of protection from fire
MPRegen 0.18/turn               C - ring of protection from cold

@: confused, about to teleport, heroic, ambrosia-drunk, studying Throwing,
invisible
A: hooves 2, (demonic guardian 2), foul stench 1, sharp scales 2
a: Renounce Religion, Heroism, Finesse, Duel


You were on level 3 of the Spider Nest.
You worshipped Okawaru.
Okawaru was extremely pleased with you.
You visited 6 branches of the dungeon, and saw 28 of its levels.
You also visited: Sewer and Gauntlet.

You collected 3902 gold pieces.
You spent 2377 gold pieces at shops.


Innate Abilities, Weirdness & Mutations

You have hoof-like feet.
((A demonic guardian rushes to your aid.))
You may rarely emit foul miasma when damaged in melee.
You are mostly covered in razor-sharp scales. (AC +2, Slay +2)


   Skills:
 + Level 11.6(16.6) Fighting
 - Level 20.0(25.0) Polearms
 + Level 9.3(14.3) Throwing
 - Level 12.3(17.3) Armour
 - Level 7.9(12.9) Dodging
 - Level 8.2 Invocations


You had 15 spell levels left.
You didn't know any spells.
Your spell library contained the following spells:

 Spells                   Type           Power      Damage    Failure   Level
 Beastly Appendage        Tmut           0%         N/A       96%         1
 Foxfire                  Conj/Fire      0%         2x1d4     96%         1
 Freeze                   Ice            0%         1d3       96%         1
 Slow                     Hex            0%         N/A       96%         1
 Blink                    Tloc           0%         N/A       99%         2
 Corpse Rot               Necr/Air       0%         N/A       99%         2
 Ensorcelled Hibernation  Hex/Ice        0%         N/A       99%         2
 Scorch                   Fire           0%         2d5       99%         2
 Static Discharge         Conj/Air       0%         N/A       99%         2
 Sublimation of Blood     Necr           0%         N/A       99%         2
 Wereblood                Tmut           0%         N/A       99%         2
 Confusing Touch          Hex            0%         N/A       100%        3
 Conjure Flame            Conj/Fire      0%         6-21      100%        3
 Frozen Ramparts          Ice            0%         1d2       100%        3
 Gell's Gravitas          Tloc           0%         N/A       100%        3
 Inner Flame              Hex/Fire       0%         N/A       100%        3
 Lesser Beckoning         Tloc           0%         N/A       100%        3
 Ozocubu's Armour         Ice            0%         N/A       100%        3
 Spider Form              Tmut/Pois      0%         N/A       100%        3
 Teleport Other           Tloc           0%         N/A       100%        3
 Cause Fear               Hex            0%         N/A       100%        4
 Dispel Undead            Necr           0%         3d6       100%        4
 Flame Wave               Conj/Fire      0%         3d3       100%        4
 Hailstorm                Conj/Ice       0%         3d3       100%        4
 Sticky Flame             Conj/Fire      0%         2d3       100%        4
 Manifold Assault         Tloc           0%         N/A       100%        5
 Yara's Violent Unravell  Hex/Tmut       0%         3d3       100%        5
 Conjure Ball Lightning   Conj/Air       0%         3x3d6     100%        6
 Dragon Form              Tmut           0%         N/A       100%        7
 Ozocubu's Refrigeration  Ice            0%         4d5       100%        7
 Storm Form               Tmut/Air       0%         N/A       100%        7
 Discord                  Hex            0%         N/A       100%        8
 Disjunction              Tloc           0%         N/A       100%        8
 Death Channel            Necr           Unusable   N/A       N/A         6
 Summon Cactus Giant      Summ           Unusable   N/A       N/A         6
 Summon Hydra             Summ           Unusable   N/A       N/A         7
 Dragon's Call            Summ           Unusable   N/A       N/A         9

Inventory:

Hand Weapons
 a - a +1 vampiric halberd
 b - a +3 vorpal glaive
 i - a +0 halberd
 z - a +1 spear of venom
 I - the +2 glaive "Disuimeo" (weapon) {protect, rPois Int-5 Dex+2}
   (You bought it in a shop on level 1 of the Shoals)

   It grants its wielder temporary protection when it strikes (+7 to AC).
   Int:       It affects your intelligence (-5).
   Dex:       It affects your dexterity (+2).
   rPois:     It protects you from poison.
Missiles
 g - a throwing net {=f}
 m - 9 curare-tipped darts {=f}
 K - 25 boomerangs (quivered)
 L - 2 datura-tipped darts
Armour
 f - the +0 pair of boots of Raisch (worn) {Slay+5}
   (You found it on level 12 of the Dungeon)

   Slay:      It affects your accuracy & damage with ranged weapons and melee
   (+5).
 n - the +0 hat of the Illusory Wishes (worn) {Will+}
   (Okawaru gifted it to you on level 13 of the Dungeon)

   Will:      It increases your willpower.
 o - the +7 chain mail of the Dungeon (worn) {rCorr}
   (You found it on level 10 of the Dungeon)

   rCorr:     It protects you from acid and corrosion.
 x - the +3 pair of gauntlets of War (worn) {Slay+5}
   (Okawaru gifted it to you on level 11 of the Dungeon)

   Slay:      It affects your accuracy & damage with ranged weapons and melee
   (+5).
 O - the +3 pair of seven-league boots {Rampage+∞}
   (Okawaru gifted it to you on level 5 of the Lair of Beasts)

   Its wearer moves as far as possible in that direction when moving towards
   enemies.
 P - a +1 cloak (worn)
 Q - +0 fire dragon scales
Jewellery
 h - the amulet of Iplin (around neck) {Faith Will+ Dex+2}
   (You found it on level 13 of the Dungeon)

   [amulet of faith]

   It allows you to gain divine favour quickly.
   Dex:       It affects your dexterity (+2).
   Will:      It increases your willpower.
 r - an amulet of guardian spirit
 t - an amulet of regeneration
 C - a ring of protection from cold (right hand)
 D - a +6 ring of dexterity
 F - a ring of protection from fire (left hand)
 Z - a ring of wizardry
Wands
 e - a wand of iceblast (1)
 y - a wand of flame (86)
 H - a wand of mindburst (9)
Scrolls
 c - 4 scrolls of identify {@r1}
 k - 3 scrolls of fog
 u - 6 scrolls of amnesia
 N - a scroll of enchant weapon
Potions
 j - 3 potions of attraction
 l - 6 potions of might
 p - 8 potions of flight
 v - 2 potions of cancellation
 w - a potion of haste {@q3}
 A - 2 potions of magic
 B - 4 potions of invisibility
 E - 2 potions of ambrosia
 G - 4 potions of mutation
Miscellaneous
 d - a lightning rod (3/4)

Dungeon Overview and Level Annotations

Branches:
Dungeon (15/15)            Temple (1/1) D:5            Lair (6/6) D:9
 Shoals (1/4) Lair:2       Spider (3/4) Lair:3        Slime (0/5) Lair:5
    Orc (2/2) D:9             Elf (0/3) Orc:2        Vaults (0/5) D:14
 Depths (0/4) D:15          Sewer (visited)         Gauntlet (visited)

Altars:
Ashenzari
Cheibriados
Dithmenos
Elyvilon
Fedhas
Gozag
Hepliaklqana
Kikubaaqudgha
Makhleb
Nemelex Xobeh
Okawaru
Qazlal
Ru
Sif Muna
Trog
Uskayaw
Vehumet
Wu Jian
Xom
Yredelemnul
Zin
The Shining One
Beogh
Jiyva

Shops:
D:1 !   D:2 :   D:3 :   D:5 =   D:13 **   Orc:2 *(((   Shoals:1 (

Annotations:
D:3 1 runed translucent door, sirJeffrey23's ghost, amateur DsMo
D:4 1 runed translucent door, Crazy Yiuf
Shoals:1 1 transporter .ss

# .. #. .. ...
.# ...s #.
#..#.#######
#......>...#
#...y@....#
#>s^....y#.#.#
#s####(...#
######


You could see 2 spark wasps, a wolf spider (wandering), a jumping spider
(wandering), a tarantella (wandering) and 2 redbacks.


Message History

The spark wasp stings you.
* * * LOW HITPOINT WARNING * * *
The spark wasp shocks you!
* * * LOW HITPOINT WARNING * * *
There is a stone staircase leading down here.
The spark wasp barely misses you. The spark wasp closely misses you.
You climb downwards.
Found 26 stones.
Found two stone staircases leading down.
There is a stone staircase leading up here.
You feel better. The spark wasp barely misses you.
As you read the scroll of teleportation {@r2}, it crumbles to dust.
You feel strangely unstable.
The spark wasp buzzes angrily.
You hear an angry hiss. x7
A jumping spider comes into view.
A tarantella comes into view.
The spark wasp stings you.
* * * LOW HITPOINT WARNING * * *
The spark wasp shocks you!
* * * LOW HITPOINT WARNING * * *
The spark wasp closely misses you.
A redback comes into view.
A wolf spider comes into view.
You are confused.
You feel invigorated.
The wolf spider hisses angrily.
The jumping spider hisses angrily.
The spark wasp looks more healthy.
A redback comes into view.
The spark wasp barely misses you. The spark wasp stings you.
* * * LOW HITPOINT WARNING * * *
The spark wasp shocks you!
You die...

Skill      XL: |  1  2  3  4  5  6  7  8  9 10 11 12 13 14 15 16 |
---------------+-------------------------------------------------+-----
Polearms       | 3 4 5 6 7 9 12 13 14 15 17 18 19 20 | 20.0
Armour         | 1 2 3 4 5 6 9 11 12 | 12.3
Invocations    | 2 5 7 8 |  8.2
Dodging        | 3 7 |  7.9
Fighting       | 6 10 11 | 11.6
Throwing       | 4 9 |  9.3

Action                   |  1- 3 |  4- 6 |  7- 9 | 10-12 | 13-15 | 16-18 || total
-------------------------+-------+-------+-------+-------+-------+-------++-------
Melee: Trident           |   101 |   261 |   523 |       |       |       ||   885
       Kick              |    12 |       |       |       |       |       ||    12
       Punch             |       |       |     3 |     2 |       |       ||     5
       Spear             |       |       |   118 |   778 |    41 |       ||   937
       Glaive            |       |       |       |   108 |  1128 |   266 ||  1502
       Halberd           |       |       |       |       |   115 |       ||   115
Throw: Throwing net      |       |     3 |     3 |     3 |       |       ||     9
       Boomerang         |       |       |       |       |     4 |    21 ||    25
Invok: Heroism           |       |       |     7 |     7 |    27 |     4 ||    45
       Finesse           |       |       |       |     2 |     2 |       ||     4
Evoke: Wand              |       |       |       |    16 |     6 |       ||    22
       Lightning rod     |       |       |       |       |       |     2 ||     2
  Use: Potion            |       |     2 |     7 |     4 |     4 |    10 ||    27
       Scroll            |       |     8 |     5 |     9 |    17 |     3 ||    42
 Stab: Sleeping          |     1 |       |       |       |       |       ||     1
       Held in net/web   |       |     1 |       |       |       |       ||     1
       Invisible         |       |       |       |       |       |     1 ||     1
Armor: Leather armour    |    13 |    17 |       |       |       |       ||    30
       Ring mail         |       |    49 |   265 |     1 |       |       ||   315
       Chain mail        |       |       |       |   328 |   674 |   250 ||  1252
       Troll leather arm |       |       |       |    42 |       |       ||    42
Dodge: Dodged            |    46 |   110 |   273 |   235 |   452 |   226 ||  1342

Levels and vault maps discovered:
D:1:      mrwooster_arrival_statue_2, layout_loops_cross, serial_shops,
          nicolae_shop_temple_entry_statues_fountains,
          shapermc_ecumenical_altar_pompeii
D:2:      layout_loops_ring, serial_shops, shop
D:3:      layout_rooms, serial_shops, nicolae_shop_stone, ebering_ghost_sewer_d
D:4:      layout_rooms, general_overflow_altar, marbit_many_paths,
          uniq_crazy_yiuf_cottage
D:5:      layout_loops_ring, kennysheep_mini, mainiacjoe_overflow_big_doors,
          minmay_temple_entry_slanted, serial_shops, kennysheep_little_box,
          hangedman_abyss_or_decor_stagger, sigmund_edmund_badplayer,
          uniq_edmund
D:6:      layout_basic, gup_sewer_entry_spiral, amcnicky_mini_pool_small,
          chequers_serial_rivers_micro_d, minivault_24
D:7:      minmay_evil_eye, layout_loops_ring
D:8:      layout_cave_pods, lemuel_crystal_altar, dk_vineyard_2
D:9:      layout_cave_pods, erik_lair_island, orc_0_dummy, chequers_garden,
          uniq_joseph
D:10:     layout_basic, mainiacjoe_overflow_surrounded_room,
          lemuel_mausoleum_altar_yredelemnul
D:11:     layout_small_grid, serial_undead, serial_undead_c, serial_undead_d,
          serial_undead_c, serial_undead_b, mrwooster_statue_mirror
D:12:     layout_roguey [special_room_orc]
D:13:     layout_long_grid, nicolae_elemental_shop, nicolae_blasting_shop,
          nicolae_dithmenos_through_a_glass_darkly, uniq_snorg
D:14:     layout_roguey, grunt_vaults_entry_tiered, nicolae_uskayaw_suspiria,
          uniq_frances
D:15:     gammafunk_depths_entry_grave, layout_rooms,
          hangedman_abyss_or_decor_slice, st_stairs_4,
          nicolae_hepliaklqana_hazy_memory
Temple:   minmay_temple_curvy_branch
Lair:1:   layout_chaotic_city, gauntlet_entry_generic, st_stairs_11,
          nicolae_lair_lakeside_cave, grunt_megastairs_5
Lair:2:   layout_hall_layers, shoals_dummy_entry
Lair:3:   layout_gridlike, nicolae_spider_entry_orb_guardian, serial_forest,
          infiniplex_forest_clump_long, infiniplex_forest_straight_2,
          infiniplex_forest_straight_4, infiniplex_forest_corner_1,
          infiniplex_forest_clump_long, infiniplex_forest_clump_C,
          infiniplex_forest_lined_3, lemuel_old_faithful
Lair:4:   layout_cave_shapes, lemuel_fruit_tree, serial_bayou_shore_a
Lair:5:   layout_layer_cave, slime_altar_1
Lair:6:   wormcave, layout_gridlike, guppyfry_lair_end_dragon,
          chequers_serial_rivers_small_3, infiniplex_staircase_pool
Shoals:1: layout_shoals, serial_shops, nicolae_shop_statue_plus,
          gammafunk_ghost_arena
Spider:1: nicolae_spider_hall_of_the_moth_king, nicolae_spider_moth_buddies
Spider:2: layout_chambers, drop_trap, nicolae_spider_bzzzt
Spider:3: layout_spider_delve, nicolae_spider_nook
Orc:1:    layout_caves
Orc:2:    st_orc_town, layout_caves

Notes
Turn   | Place    | Note
-------+----------+-------------------------------------------
     0 | D:1      | demibob the Demonspawn Gladiator began the quest for the
                  | Orb.
     0 | D:1      | Reached XP level 1. HP: 16/16 MP: 1/1
   144 | D:1      | Reached skill level 3 in Polearms
   160 | D:1      | Gained mutation: You have large cloven feet. [demonic
                  | ancestry]
   160 | D:1      | Reached XP level 2. HP: 15/22 MP: 2/2
   418 | D:1      | Found Bom Tele's Distillery.
   585 | D:1      | Found a faded altar of an unknown god.
   793 | D:1      | Gained mutation: You are partially covered in razor-sharp
                  | scales. (AC +1, Slay +1) [demonic ancestry]
   793 | D:1      | Reached XP level 3. HP: 27/27 MP: 3/3
  1038 | D:1      | Reached skill level 4 in Polearms
  1267 | D:2      | Reached skill level 1 in Armour
  1267 | D:2      | Reached XP level 4. HP: 24/33 MP: 4/4
  2061 | D:2      | Found Nahileob's Book Boutique.
  2262 | D:2      | Reached skill level 2 in Armour
  2262 | D:2      | Reached XP level 5. HP: 31/38 MP: 5/5
  2490 | D:1      | Bought a potion of heal wounds for 50 gold pieces
  2490 | D:1      | Bought a potion of berserk rage for 50 gold pieces
  2683 | D:3      | Found Bumapn's Book Emporium.
  2737 | D:3      | Found a runed translucent door.
  2756 | D:3      | Reached skill level 5 in Polearms
  2798 | D:3      | Noticed sirJeffrey23's ghost (amateur DsMo)
  3205 | D:4      | Noticed an ogre
  3303 | D:4      | Reached skill level 3 in Armour
  3303 | D:4      | Gained mutation: You have hoof-like feet. [demonic
                  | ancestry]
  3303 | D:4      | Reached XP level 6. HP: 41/44 MP: 6/6
  3909 | D:4      | Found a hide-covered altar of Uskayaw.
  4035 | D:4      | Found a runed translucent door.
  4036 | D:4      | Noticed Crazy Yiuf
  4094 | D:5      | Entered Level 5 of the Dungeon
  4256 | D:5      | Found a staircase to the Ecumenical Temple.
  4273 | Temple   | Entered the Ecumenical Temple
  4695 | D:5      | Found an iron altar of Okawaru.
  4698 | D:5      | Became a worshipper of Warmaster Okawaru
  4788 | D:5      | Found a hazy altar of Hepliaklqana.
  4811 | D:5      | Reached skill level 6 in Polearms
  4811 | D:5      | Reached skill level 4 in Armour
  4811 | D:5      | Gained mutation: You are mostly covered in razor-sharp
                  | scales. (AC +2, Slay +2) [demonic ancestry]
  4811 | D:5      | Reached XP level 7. HP: 47/50 MP: 7/7
  4911 | D:5      | Noticed Edmund
  4939 | D:5      | Killed Edmund
  4963 | D:5      | Noticed Sigmund
  4977 | D:5      | Killed Sigmund
  4977 | D:5      | Reached * piety under Okawaru
  5044 | D:5      | Reached skill level 5 in Armour
  5049 | D:5      | Found Sautzy's Jewellery Shop.
  5267 | D:1      | Bought a potion of haste for 100 gold pieces
  5267 | D:1      | Bought 2 potions of flight for 60 gold pieces
  5445 | D:6      | Reached skill level 1 in Invocations
  5479 | D:6      | Reached skill level 2 in Invocations
  5507 | D:6      | Reached skill level 7 in Polearms
  5547 | D:6      | Gained mutation: A weak demonic guardian rushes to your
                  | aid. [demonic ancestry]
  5547 | D:6      | Reached XP level 8. HP: 53/56 MP: 9/9
  5567 | D:6      | Found a glowing drain.
  5571 | Sewer    | Entered a sewer
  5793 | Sewer    | Reached skill level 3 in Invocations
  6014 | D:6      | Reached skill level 4 in Invocations
  6110 | D:6      | Reached skill level 5 in Invocations
  6418 | D:6      | Reached skill level 8 in Polearms
  6992 | D:7      | Reached ** piety under Okawaru
  7227 | D:8      | Found an ornate altar of the Wu Jian Council.
  7240 | D:8      | Reached skill level 9 in Polearms
  7361 | D:8      | Reached XP level 9. HP: 55/61 MP: 12/12
  7723 | D:8      | Identified the +5 hand axe of Bread {vorpal, Will+}
  7957 | D:8      | Reached skill level 10 in Polearms
  8214 | D:9      | Noticed a two-headed ogre
  8229 | D:9      | Killed a two-headed ogre
  8259 | D:9      | Noticed Joseph
  8287 | D:9      | Killed Joseph
  8287 | D:9      | Reached *** piety under Okawaru
  8288 | D:9      | Reached skill level 11 in Polearms
  8505 | D:9      | Noticed a troll
  8521 | D:9      | Noticed a troll
  8549 | D:9      | Killed a troll
  8550 | D:9      | Reached skill level 12 in Polearms
  8550 | D:9      | Gained mutation: You may rarely emit foul miasma when
                  | damaged in melee. [demonic ancestry]
  8550 | D:9      | Reached XP level 10. HP: 13/67 MP: 11/13
  8668 | D:9      | Found a staircase to the Lair.
  9285 | D:9      | Found a staircase to the Orcish Mines.
  9349 | D:10     | Entered Level 10 of the Dungeon
  9478 | D:10     | Reached skill level 3 in Dodging
  9504 | D:10     | Found a radiant altar of Vehumet.
  9635 | D:10     | Reached **** piety under Okawaru
  9651 | D:10     | Identified the +7 chain mail of the Dungeon {rCorr}
  9934 | D:10     | Identified a scroll of acquirement
  9934 | D:10     | Acquired 1097 gold pieces
 10090 | D:5      | Bought an amulet of faith for 560 gold pieces
 10415 | D:10     | Reached skill level 13 in Polearms
 10453 | D:10     | Found a basalt altar of Yredelemnul.
 10496 | D:10     | Reached skill level 6 in Armour
 10928 | D:11     | Reached ***** piety under Okawaru
 10934 | D:11     | Gained mutation: A demonic guardian rushes to your aid.
                  | [demonic ancestry]
 10934 | D:11     | Reached XP level 11. HP: 64/74 MP: 14/14
 10992 | D:11     | Received a gift from Okawaru
 10992 | D:11     | Found the +3 pair of gauntlets of War {Slay+5}
 11024 | D:11     | Noticed a fire crab
 11120 | Lair:1   | Entered Level 1 of the Lair of Beasts
 11126 | Lair:1   | Noticed a six-headed hydra
 11141 | Lair:1   | Killed a six-headed hydra
 11142 | Lair:1   | Reached skill level 7 in Armour
 11160 | Lair:1   | Found a gate leading to a gauntlet.
 11181 | Gauntlet | Entered a Gauntlet
 11181 | Gauntlet | Noticed a fire crab
 11181 | Gauntlet | Found a transporter.
 11181 | Gauntlet | Found a transporter.
 11181 | Gauntlet | Found a transporter.
 11183 | Gauntlet | Noticed a necromancer
 11234 | Gauntlet | Found a transporter.
 11235 | Gauntlet | Found a transporter.
 11244 | Gauntlet | Found a transporter.
 11245 | Gauntlet | Noticed an obsidian statue
 11248 | Gauntlet | Found a transporter.
 11254 | Gauntlet | Noticed a blizzard demon
 11257 | Gauntlet | Noticed a reaper
 11260 | Gauntlet | Found a transporter.
 11349 | Gauntlet | Found a transporter.
 11359 | Gauntlet | Found a transporter.
 11363 | Gauntlet | Found a transporter.
 11375 | Gauntlet | Found a transporter.
 11703 | Lair:1   | Reached skill level 14 in Polearms
 11806 | Lair:1   | Reached skill level 8 in Armour
 12083 | Lair:1   | Noticed a six-headed hydra
 12113 | Lair:1   | Killed a six-headed hydra
 12114 | Lair:1   | Reached skill level 6 in Invocations
 12873 | Lair:1   | Reached skill level 7 in Invocations
 12940 | Lair:1   | Noticed a fire crab
 12951 | Lair:1   | Killed a fire crab
 12983 | Lair:1   | Noticed an alligator
 13006 | Lair:1   | Reached skill level 9 in Armour
 13021 | Lair:1   | Killed an alligator
 13021 | Lair:1   | Received a gift from Okawaru
 13021 | Lair:1   | Reached ****** piety under Okawaru
 13022 | Lair:1   | Reached XP level 12. HP: 55/80 MP: 17/17
 13041 | Lair:1   | Reached skill level 8 in Invocations
 13041 | Lair:1   | Noticed an alligator
 13058 | Lair:1   | Killed an alligator
 13058 | Lair:1   | Identified the +1 buckler of Beastly Intercession {*Corrode
                  | rC+ rN+} (Okawaru gifted it to you on level 1 of the Lair
                  | of Beasts)
 13058 | Lair:1   | Received a gift from Okawaru
 13622 | Lair:2   | Noticed a death yak
 13631 | Lair:2   | Noticed a death yak
 13632 | Lair:2   | Noticed a death yak
 13632 | Lair:2   | Noticed a death yak
 13638 | Lair:2   | Killed a death yak
 13645 | Lair:2   | Killed a death yak
 13649 | Lair:2   | Killed a death yak
 13654 | Lair:2   | Killed a death yak
 13655 | Lair:2   | Reached skill level 15 in Polearms
 13783 | Lair:2   | Reached skill level 10 in Armour
 13907 | Lair:2   | Found a staircase to the Shoals.
 14553 | Lair:3   | Noticed a death yak
 14562 | Lair:3   | Noticed a death yak
 14563 | Lair:3   | Noticed a death yak
 14564 | Lair:3   | Noticed a death yak
 14567 | Lair:3   | Noticed a death yak
 14567 | Lair:3   | Noticed a death yak
 14570 | Lair:3   | Killed a death yak
 14576 | Lair:3   | Killed a death yak
 14582 | Lair:3   | Killed a death yak
 14582 | Lair:3   | Received a gift from Okawaru
 14584 | Lair:3   | Killed a death yak
 14590 | Lair:3   | Killed a death yak
 14591 | Lair:3   | Reached skill level 11 in Armour
 14595 | Lair:3   | Killed a death yak
 14725 | Lair:3   | Noticed an eight-headed hydra
 14737 | Lair:3   | HP: 7/80 [eight-headed hydra (4)]
 14737 | Lair:3   | HP: 3/80 [eight-headed hydra (4)]
 15017 | Lair:3   | Noticed a four-headed hydra
 15027 | Lair:3   | Killed a four-headed hydra
 15405 | Lair:3   | Found a hole to the Spider Nest.
 15642 | D:11     | Reached XP level 13. HP: 69/75 MP: 19/19
 16121 | D:12     | Reached skill level 16 in Polearms
 16657 | D:12     | Identified the +0 pair of boots of Raisch {Slay+5}
 16729 | D:12     | Received a gift from Okawaru
 16758 | D:12     | Reached skill level 12 in Armour
 17365 | D:13     | Found Eru Rich's Elemental Accessories.
 17462 | D:13     | Identified the amulet of Iplin {Faith Will+ Dex+2}
 17667 | D:13     | Found Igeuliohys's Demolitions Depot.
 17698 | D:13     | Reached skill level 3 in Fighting
 18165 | D:13     | Found a shadowy altar of Dithmenos.
 18539 | D:13     | Noticed Snorg
 18548 | D:13     | Killed Snorg
 18548 | D:13     | Identified the +0 hat of the Illusory Wishes {Will+}
                  | (Okawaru gifted it to you on level 13 of the Dungeon)
 18548 | D:13     | Received a gift from Okawaru
 18549 | D:13     | Reached skill level 4 in Fighting
 18728 | D:14     | Reached skill level 17 in Polearms
 18734 | D:14     | Reached skill level 5 in Fighting
 19047 | D:14     | Found a gate to the Vaults.
 19355 | D:14     | Reached skill level 6 in Fighting
 19355 | D:14     | Reached XP level 14. HP: 70/100 MP: 20/20
 20046 | D:14     | Found a hide-covered altar of Uskayaw.
 20169 | D:14     | Noticed Frances
 20532 | Lair:3   | Reached skill level 7 in Fighting
 21181 | Lair:4   | Received a gift from Okawaru
 22244 | Lair:4   | Reached skill level 8 in Fighting
 22397 | Lair:5   | Received a gift from Okawaru
 22397 | Lair:5   | Found the +3 pair of seven-league boots {Rampage+∞}
 22783 | Lair:5   | Found a viscous altar of Jiyva.
 22783 | Lair:5   | Found a staircase to the Slime Pits.
 23313 | Lair:5   | Reached skill level 18 in Polearms
 23704 | Lair:6   | Entered Level 6 of the Lair of Beasts
 23776 | Lair:6   | Reached skill level 9 in Fighting
 24051 | Lair:6   | Identified the +7 battleaxe of Hell's Wrath {antimagic,
                  | rF+}
 24679 | Lair:6   | Received a gift from Okawaru
 24830 | Lair:6   | Found a runed translucent door.
 24857 | Lair:6   | Upgraded the game from 0.28-a0-872-g80cf8599ee to
                  | 0.28-a0-883-gc8d7bad45d
 24964 | Lair:6   | Reached skill level 10 in Fighting
 25105 | Lair:6   | Reached XP level 15. HP: 67/115 MP: 21/21
 25875 | Orc:1    | Entered Level 1 of the Orcish Mines
 26025 | Orc:1    | Reached skill level 4 in Dodging
 26412 | D:14     | Killed Frances
 26801 | D:15     | Entered Level 15 of the Dungeon
 26941 | D:15     | Reached skill level 5 in Dodging
 26949 | D:15     | Found a hazy altar of Hepliaklqana.
 27216 | D:15     | Received a gift from Okawaru
 27394 | D:15     | Reached skill level 19 in Polearms
 27655 | D:15     | Received a gift from Okawaru
 27660 | D:15     | Reached skill level 6 in Dodging
 27668 | D:15     | Found a staircase to the Depths.
 28338 | D:9      | Reached skill level 7 in Dodging
 28949 | Orc:2    | Entered Level 2 of the Orcish Mines
 28956 | Orc:2    | Found a staircase to the Elven Halls.
 29365 | Orc:2    | Found Fierch's Assorted Antiques.
 29793 | Orc:2    | Found Ymergh's Antique Weapon Emporium.
 30075 | Orc:2    | Bought a runed halberd for 189 gold pieces
 30225 | Orc:2    | Found Nomoum's Weapon Boutique.
 30225 | Orc:2    | Found Jeske's Weapon Emporium.
 30795 | D:3      | Bought a manual of Throwing for 960 gold pieces
 31032 | Shoals:1 | Entered Level 1 of the Shoals
 31514 | Lair:2   | Received a gift from Okawaru
 31515 | Lair:2   | Reached skill level 2 in Throwing
 31813 | Shoals:1 | Reached skill level 3 in Throwing
 32545 | Shoals:1 | Identified the +0 hand axe of Conflict {drain, Str+7 Int+4
                  | Dex-5}
 32557 | Shoals:1 | Found a transporter.
 32757 | Shoals:1 | Reached skill level 4 in Throwing
 32757 | Shoals:1 | Reached XP level 16. HP: 113/122 MP: 19/22
 33179 | Shoals:1 | Found Ralomen's Weapon Boutique.
 33187 | Shoals:1 | Bought the +2 glaive "Disuimeo" {protect, rPois Int-5
                  | Dex+2} for 408 gold pieces
 33264 | Spider:1 | Entered Level 1 of the Spider Nest
 33280 | Lair:3   | Reached skill level 5 in Throwing
 33512 | Spider:1 | Reached skill level 20 in Polearms
 33657 | Spider:1 | Reached skill level 6 in Throwing
 34570 | Spider:1 | Reached skill level 7 in Throwing
 34742 | Spider:1 | Received a gift from Okawaru
 34743 | Spider:1 | Reached skill level 11 in Fighting
 34789 | Spider:1 | Reached skill level 8 in Throwing
 35984 | Spider:2 | Reached skill level 9 in Throwing
 36153 | Spider:2 | HP: 10/127 [spark wasp (14)]
 36157 | Spider:3 | HP: 4/127 [spark wasp (14)]
 36158 | Spider:3 | Mangled by a spark wasp

Vanquished Creatures
  Frances (D:14)
  3 ghost moths (Spider:1)
  A caustic shrike zombie (D:15)
  A spark wasp (Spider:2)
  Snorg (D:13)
  3 fire dragons
  A merfolk impaler (Shoals:1)
  2 vault guards (D:14)
  9 hydras
  3 boulder beetles
  An alligator snapping turtle (Shoals:1)
  A merfolk avatar (Shoals:1)
  3 ogre magi (D:15)
  A centaur warrior (D:15)
  A death knight (D:12)
  2 alligators (Lair:1)
  12 two-headed ogres
  5 tengu warriors
  A vampire mage (D:15)
  An orc high priest (Orc:1)
  10 death yaks
  A deep elf knight (D:14)
  A fire crab (Lair:1)
  A titan skeleton (D:15)
  2 sea snakes
  5 skeletal warriors
  A swamp dragon (Lair:6)
  A phantasmal warrior (D:12)
  9 orc knights
  2 lindwurms (Lair:6)
  A wizard (D:14)
  3 necromancers
  A tengu skeleton (D:15)
  2 orc sorcerers
  2 ugly things
  8 wolf spiders
  3 manticores
  7 orb spiders
  5 fauns (Shoals:1)
  4 cyclopes
  A fire giant zombie (D:15)
  An elephant (Lair:1)
  A moth of wrath (Spider:1)
  A merfolk siren (Shoals:1)
  Joseph (D:9)
  8 torpor snails
  3 black mambas
  A kobold demonologist (D:13)
  17 cane toads
  3 gargoyles (D:12)
  7 rime drakes
  An unseen horror (D:12)
  17 komodo dragons
  2 efreet
  4 demonic crawlers
  2 freezing wraiths (D:12)
  A guardian mummy (D:15)
  A troll (shapeshifter) (D:15)
  7 merfolk
  3 meliai (D:14)
  7 trolls
  A wind drake (Shoals:1)
  8 jumping spiders
  3 tyrant leeches (Lair:6)
  10 hornets
  2 polar bears (Lair:5)
  A wind drake (shapeshifter) (D:11)
  A meliai zombie (D:10)
  4 slime creatures (D:14)
  17 blink frogs
  A raiju (shapeshifter) (D:14)
  A snapping turtle (Shoals:1)
  A dream sheep (shapeshifter) (D:14)
  12 dream sheep
  7 tarantellas
  A water elemental (Shoals:1)
  Sigmund (D:5)
  3 shadows
  38 redbacks
  5 wyverns
  4 wraiths
  17 yaks
  A hog (shapeshifter) (D:13)
  3 basilisks
  17 humans (D:14)
  2 steam dragons (Lair:6)
  A golden eye (shapeshifter) (D:15)
  3 vampire mosquitoes (D:12)
  Edmund (D:5)
  7 wargs
  2 acid dragons
  13 water moccasins
  45 orc warriors
  A swamp drake (Lair:6)
  A sky beast (D:8)
  An ice beast (D:6)
  5 necrophages
  5 black bears
  6 ogres
  11 wolves
  8 centaurs
  3 kobold brigands
  11 bullfrogs
  2 gnoll sergeants
  2 scorpions
  A water moccasin zombie (D:3)
  10 wights
  5 howler monkeys
  4 electric eels
  A jelly (D:7)
  8 centaur zombies
  A human zombie (D:10)
  12 orc priests
  7 hounds
  A bullfrog skeleton (D:4)
  A centaur skeleton (D:6)
  5 iguanas
  5 orc wizards
  7 hell rats
  A killer bee zombie (D:8)
  2 mummies
  3 howler monkey zombies
  A howler monkey skeleton (D:5)
  10 adders
  20 gnolls
  A shadow imp (D:7)
  3 white imps
  A worm (D:2)
  2 dart slugs (D:1)
  79 orcs
  22 endoplasms
  17 giant cockroaches
  7 goblins
  11 hobgoblins
  6 jackals
  22 kobolds
  18 quokkas
  15 ball pythons
  3 bats
  11 frilled lizards
  7 rats
830 creatures vanquished.

Vanquished Creatures (others)
  A wolf spider (Spider:1)
  12 fungi
  58 plants
  15 withered plants (D:15)
86 creatures vanquished.

Grand Total: 916 creatures vanquished

Table legend: (Time is in decaauts)
 A = Elapsed time spent in this place.
 B = Non-inter-level travel time spent in this place.
 C = Inter-level travel time spent in this place.
 D = Time resting spent in this place.
 E = Time spent auto-exploring this place.
 F = Levels seen in this place.
 G = Mean time per level.
                   A        B        C        D        E       F      G
               +--------+--------+--------+--------+--------+-----+--------+
         Total |  35507 |  33163 |   2344 |   8667 |  18821 |  30 | 1183.6 |
       Dungeon |  17924 |  16110 |   1814 |   3670 |   9471 |  15 | 1194.9 |
        Temple |    284 |    266 |     18 |      0 |    247 |   1 |  284.0 |
          Lair |  11513 |  11110 |    403 |   3723 |   6014 |   6 | 1918.8 |
        Shoals |    974 |    947 |     27 |    208 |    560 |   1 |  974.0 |
   Spider Nest |   2039 |   2013 |     26 |    392 |   1271 |   3 |  679.7 |
  Orcish Mines |   2048 |   1993 |     55 |    673 |    911 |   2 | 1024.0 |
         Sewer |    451 |    451 |      0 |      0 |    162 |   1 |  451.0 |
      Gauntlet |    271 |    271 |      0 |      0 |    185 |   1 |  271.0 |
               +--------+--------+--------+--------+--------+-----+--------+

Top non-repeatable levels by time:
  Lair:2: 2620 daAuts
    D:14: 2033 daAuts
  Lair:3: 2000 daAuts
  Lair:6: 1988 daAuts
     D:9: 1931 daAuts
  Lair:1: 1918 daAuts
    D:12: 1749 daAuts
Spider:1: 1667 daAuts
  Lair:4: 1656 daAuts
     D:1: 1531 daAuts
    D:15: 1357 daAuts
  Lair:5: 1328 daAuts
   Orc:2: 1175 daAuts
     D:2: 1141 daAuts
     D:8: 1048 daAuts

Table legend:
 A = Non-vault XP
 B = Vault XP
 C = Vault XP percentage of total XP
 D = Non-vault monster count
 E = Vault monster count
 F = Vault count percentage of total count
                 A         B        C        D         E       F
            +---------+---------+-------+---------+---------+-------
      Total |  121470 |   64002 |  34.5 |     537 |     294 |  35.4
            +---------+---------+-------+---------+---------+-------
        D:1 |      59 |       0 |   0.0 |      32 |       0 |   0.0
        D:2 |     137 |       0 |   0.0 |      22 |       0 |   0.0
        D:3 |     156 |       0 |   0.0 |      20 |       0 |   0.0
        D:4 |     282 |       2 |   0.7 |      25 |       1 |   3.8
        D:5 |     204 |     392 |  65.8 |       7 |       2 |  22.2
        D:6 |     772 |      30 |   3.7 |      18 |       5 |  21.7
        D:7 |      75 |     280 |  78.9 |       6 |       4 |  40.0
        D:8 |     922 |       0 |   0.0 |      19 |       0 |   0.0
        D:9 |    3234 |    1184 |  26.8 |      25 |       9 |  26.5
       D:10 |     921 |    2046 |  69.0 |      16 |      12 |  42.9
       D:11 |    1408 |    1411 |  50.1 |       5 |       8 |  61.5
       D:12 |    9312 |    1225 |  11.6 |      22 |      25 |  53.2
       D:13 |    5384 |     961 |  15.1 |      13 |       1 |   7.1
       D:14 |    7657 |    9357 |  55.0 |      17 |      26 |  60.5
       D:15 |   13575 |    6947 |  33.9 |      28 |      10 |  26.3
     Lair:1 |    2364 |    9579 |  80.2 |       9 |      28 |  75.7
     Lair:2 |    8760 |       0 |   0.0 |      23 |       0 |   0.0
     Lair:3 |   10276 |    1684 |  14.1 |      26 |       4 |  13.3
     Lair:4 |    8193 |       0 |   0.0 |      31 |       0 |   0.0
     Lair:5 |    4703 |       0 |   0.0 |      15 |       0 |   0.0
     Lair:6 |   11294 |   10931 |  49.2 |      40 |      31 |  43.7
   Shoals:1 |    9088 |       0 |   0.0 |      19 |       0 |   0.0
   Spider:1 |   11854 |    8936 |  43.0 |      38 |      18 |  32.1
   Spider:2 |    3852 |     986 |  20.4 |      13 |       1 |   7.1
      Orc:1 |    4540 |       0 |   0.0 |      29 |       0 |   0.0
      Orc:2 |    2448 |    7806 |  76.1 |      19 |      55 |  74.3
      Sewer |       0 |     245 | 100.0 |       0 |      54 | 100.0
            +---------+---------+-------+---------+---------+-------
